 Dungeon Crawl Stone Soup version 0.25-a0-681-gdf4e720381 (webtiles) character file.

Game seed: 12185159556213611684, levelgen mode: deterministic

226 Majang the Insei (level 6, -11/40 HPs)
             Began as an Octopode Transmuter on Mar 30, 2020.
             Mangled by an ogre
             ... wielding a +0 giant club
              (20 damage)
             ... on level 2 of the Dungeon.
             The game lasted 00:10:00 (2109 turns).

Majang the Insei (Octopode Transmuter)              Turns: 2109, Time: 00:10:01

Health: -11/40     AC:  1    Str: 12    XL:     6   Next: 1%
Magic:  8/10       EV: 13    Int: 15    God:
Gold:   80         SH:  0    Dex: 12    Spells: 3/10 levels left

rFire    . . .     SeeInvis .     - Unarmed
rCold    . . .     Gourm    .   (no shield)
rNeg     . . .     Faith    .   (helmet restricted)
rPois    .         Spirit   .   (no amulet)
rElec    .         Reflect  .   (no ring)
rCorr    .         Harm     .   (no ring)
MR       .....                  (no ring)
Stlth    ++........             (no ring)
HPRegen  0.13/turn              (no ring)
MPRegen  0.12/turn              (no ring)
                                (no ring)
                                (no ring)

@: brilliant, very slightly contaminated
A: almost no armour, stealthy swim, amphibious, 8 rings, constrict 8, camouflage
1, gelatinous body 1
a: no special abilities


You were on level 2 of the Dungeon.
You were not hungry.

You visited 1 branch of the dungeon, and saw 3 of its levels.

You collected 80 gold pieces.

Inventory:

Missiles
 a - 20 arrows
Scrolls
 b - a scroll of enchant weapon {unknown}
 d - a scroll of identify
 j - a scroll of enchant armour {unknown}
 k - a scroll of teleportation {unknown}
 m - 3 scrolls of remove curse {unknown}
Potions
 e - 2 potions of resistance
 g - a potion of curing
 h - a potion of stabbing
 i - a potion of flight
Comestibles
 c - 3 rations
 f - 2 chunks of flesh


   Skills:
 + Level 2.3 Fighting
 - Level 2.0 Dodging
 * Level 4.4 Unarmed Combat
 + Level 2.8 Spellcasting
 * Level 3.8 Transmutations


You had 3 spell levels left.
You knew the following spells:

 Your Spells              Type           Power        Failure   Level  Hunger
a - Beastly Appendage     Tmut           ###...       4%          1    None
i - Ice Form              Ice/Tmut       ##......     67%         4    None
n - Sticks to Snakes      Tmut           ###.....     6%          2    None

Your spell library contained the following spells:

 Spells                   Type           Power        Failure   Level  Hunger
 Spider Form              Tmut/Pois      ##........   28%         3    None
 Blade Hands              Tmut           ###.......   75%         5    None


Dungeon Overview and Level Annotations

Branches:
Dungeon (3/15)

Altars:
Trog


Innate Abilities, Weirdness & Mutations

You cannot wear most types of armour.
You are very stealthy in the water. (Stealth+)
You are amphibious.
You can wear up to eight rings at the same time.
You can use your tentacles to constrict eight enemies at once.
Your skin changes colour to match your surroundings (Stealth+).
Your rubbery body absorbs attacks. (AC +1, EV +1)


Message History

Confirm with . or Enter, or press ? or * to list all spells.
The spell is very dangerous to cast (67% risk of failure)!
Continue anyway?
You feel a surge of power!
You miscast Ice Form.
You are very lightly contaminated with residual magic.
Your limbs ache and wobble like jelly!
The ogre barely misses you.
Casting: Ice Form (very dangerous; 67% risk of failure)
Confirm with . or Enter, or press ? or * to list all spells.
The spell is very dangerous to cast (67% risk of failure)!
Continue anyway?
You feel a surge of power!
You miscast Ice Form.
You feel a strange surge of energy!
The ogre hits you with a +0 giant club!!
Ouch! That really hurt!
* * * LOW HITPOINT WARNING * * *
You see here a leopard gecko skeleton.
Your attacks no longer feel as feeble.
There is a stone staircase leading up here.
There is an open door here.
The ogre hits you with a +0 giant club!!
Ouch! That really hurt!
You die...

###.........####.....#
.....>...............#
##.......##.####.....#
....#.#####.# #.....#
###.........####.....#
......########.......#
#####'## #.#.#.#.# #
##...## #.#O#.#รท#
###.....## #.#@#.#.#
##.......## #...#.#.#
..........####...#.#.#
.......<..'..........#
..........####.......#
.#.......## ##....###
.##.....## #.....#
.###...## #.....# .#
##'## #.....#


You could see an ogre.

Vanquished Creatures
  Sigmund (D:2)
  2 dart slugs (D:1)
  5 leopard geckos
  A ball python (D:2)
  5 goblins
  6 hobgoblins
  4 jackals (D:1)
  4 quokkas
  4 bats
  3 frilled lizards
  4 kobolds
  6 rats
45 creatures vanquished.

Notes
Turn   | Place    | Note
-------+----------+-------------------------------------------
     0 | D:1      | Majang the Octopode Transmuter began the quest for the Orb.
     0 | D:1      | Reached XP level 1. HP: 13/13 MP: 3/3
   110 | D:1      | Reached XP level 2. HP: 18/18 MP: 3/5
   222 | D:1      | Learned a level 2 spell: Sticks to Snakes
   743 | D:1      | Reached XP level 3. HP: 20/23 MP: 4/6
  1294 | D:2      | You fall into a shaft and drop 1 floor!
  1464 | D:3      | Found a bloodstained altar of Trog,
  1732 | D:2      | Noticed Sigmund
  1752 | D:2      | Killed Sigmund
  1752 | D:2      | Reached skill level 4 in Unarmed Combat
  1752 | D:2      | Reached XP level 4. HP: 19/30 MP: 6/8
  1752 | D:2      | Reached XP level 5. HP: 22/35 MP: 6/9
  1752 | D:2      | Reached XP level 6. HP: 25/40 MP: 6/10
  1866 | D:2      | Learned a level 4 spell: Ice Form
  2058 | D:2      | HP: 2/40 [ogre/+0 giant club (31)]
  2109 | D:2      | Mangled by an ogre

Levels and vault maps discovered:
D:1:      nzn_arrival_settlement, layout_basic
D:2:      layout_loops_corners, serial_bayou_pond_d, kennysheep_potato,
          uniq_sigmund
D:3:      layout_rooms, kiku_gazebo_pond_becter, lightli_temple_of_fire, tgw_xom

Skill      XL: |  1  2  3 |
---------------+----------+-----
Fighting       | 2 |  2.3
Unarmed Combat | 4 |  4.4
Transmutations | 3 |  3.8
Dodging        | |  2.0
Spellcasting   | |  2.8

Action                   |  1- 3 |  4- 6 || total
-------------------------+-------+-------++-------
Melee: Unarmed           |    89 |     5 ||    94
       Tentacles         |    23 |       ||    23
       Constrict         |    29 |     1 ||    30
       Kick              |    16 |     3 ||    19
       Punch             |     1 |       ||     1
 Cast: Beastly Appendage |    27 |     2 ||    29
  Use: Potion            |     1 |     1 ||     2
       Scroll            |       |     4 ||     4
 Stab: Distracted        |     2 |       ||     2
       Sleeping          |     2 |       ||     2
  Eat: Chunk             |     3 |     1 ||     4
Armor: Skin              |     8 |     1 ||     9
Dodge: Dodged            |    41 |     5 ||    46

Table legend:
 A = Non-vault XP
 B = Vault XP
 C = Vault XP percentage of total XP
 D = Non-vault monster count
 E = Vault monster count
 F = Vault count percentage of total count
                 A         B        C        D         E       F
            +---------+---------+-------+---------+---------+-------
      Total |      82 |     242 |  74.7 |      44 |       1 |   2.2
            +---------+---------+-------+---------+---------+-------
        D:1 |      38 |       0 |   0.0 |      20 |       0 |   0.0
        D:2 |      28 |     242 |  89.6 |      16 |       1 |   5.9
        D:3 |      16 |       0 |   0.0 |       8 |       0 |   0.0
            +---------+---------+-------+---------+---------+-------
